 Dungeon Crawl Stone Soup version 0.30.1 (webtiles) character file.

Game seed: 10804786907126975950

5187 Sabo the Cleaver (level 10, -1/77 HPs)
             Began as a Demonspawn Gladiator on July 12, 2023.
             Was an Initiate of Ashenzari.
             Slain by a water moccasin (7 damage)
             ... on level 8 of the Dungeon.
             The game lasted 00:39:40 (7786 turns).

Sabo the Cleaver (Demonspawn Gladiator)             Turns: 7786, Time: 00:39:43

Health: -1/77      AC: 23    Str: 18    XL:     10   Next: 34%
Magic:  10/10      EV:  7    Int: 13    God:    Ashenzari [......]
Gold:   257        SH:  0    Dex: 16    Spells: 9/9 levels left

rFire   . . .        a - +2 war axe (chaos)
rCold   + . .        (no shield)
rNeg    . . .        p - +8 plate armour {rC+}
rPois   .            (helmet restricted)
rElec   .            g - +0 cloak
rCorr   .            s - +0 pair of gloves
SInv    .            (no boots)
Will    +....        E - amulet of the Enlightened Sky {Regen+, Cun, Comp} (curse) Stlth
                     n - ring of willpower
HPRegen 1.12/turn    D - ring of flight
MPRegen 0.12/turn

%: no passive effects
@: lethally poisoned (-1 -> -9), flying
A: horns 1, demonic guardian 1, powered by pain 1, big brain 2
a: Renounce Religion, Shatter the Chains


You were on level 8 of the Dungeon.
You worshipped Ashenzari.
Ashenzari was noncommittal.
You visited 2 branches of the dungeon, and saw 9 of its levels.

You collected 1310 gold pieces.
You spent 1053 gold pieces at shops.

Inventory:

Hand Weapons
 a - a +2 war axe of chaos (weapon)
 m - a +0 sling
 q - a +1 scythe of flaming
 G - a +0 shortbow
 I - a +2 morningstar of flaming
Missiles
 d - 4 throwing nets (quivered)
 e - a javelin
 o - 7 poisoned darts
 v - 3 boomerangs
Armour
 g - a +0 cloak (worn)
 p - a +8 plate armour of cold resistance (worn)
 s - a +0 pair of gloves (worn)
Jewellery
 n - a ring of willpower (left hand)
 D - a ring of flight (right hand)
 E - the cursed amulet of the Enlightened Sky (around neck) {Regen+, Cun, Comp}
   (You found it on level 6 of the Dungeon)

   [amulet of regeneration]

   Regen:     It increases your rate of health regeneration.
   It has a curse which improves the following skills: Cunning: Dodging and
   Stealth.
   Companions: Summonings and Necromancy.
Wands
 y - a wand of flame (26)
Scrolls
 c - a scroll of teleportation
 k - 2 scrolls of fear
 t - 2 scrolls of silence
 x - a scroll of magic mapping
 A - a scroll of blinking
Potions
 b - a potion of magic {unknown}
 f - 2 potions of heal wounds
 h - a potion of might
 i - 4 potions of lignification
 j - 3 potions of mutation {unknown}
 l - 2 potions of curing {unknown}
 r - a potion of flight {unknown}
 u - a potion of cancellation {unknown}
 w - a potion of resistance {unknown}
 z - a potion of haste {unknown}
 B - a potion of brilliance {unknown}
 C - a potion of attraction {unknown}
 F - a potion of ambrosia


   Skills:
 + Level 6.6 Fighting
 + Level 10.1 Axes
 + Level 2.0 Throwing
 + Level 7.0 Armour
 + Level 4.0(4.3) Dodging
 + Level 3.4(3.8) Stealth


You had 9 spell levels left.
You didn't know any spells.
Your spell library contained the following spells:

 Spells                   Type           Power      Damage    Failure   Level
 Ensorcelled Hibernation  Hex/Ice        0%         N/A       100%        2
 Passwall                 Tmut/Erth      0%         N/A       100%        2
 Inner Flame              Hex/Fire       0%         N/A       100%        3
 Ozocubu's Armour         Ice            0%         N/A       100%        3
 Spider Form              Tmut/Pois      0%         N/A       100%        3
 Swiftness                Air            0%         N/A       100%        3
 Anguish                  Hex/Necr       0%         N/A       100%        4
 Flame Wave               Conj/Fire      0%         2d4       100%        4
 Sticky Flame             Conj/Fire      0%         2d3       100%        4
 Metabolic Englaciation   Hex/Ice        0%         N/A       100%        5
 Yara's Violent Unravell  Hex/Tmut       0%         3d3       100%        5
 Simulacrum               Ice/Necr       0%         N/A       100%        6
 Enfeeble                 Hex            0%         N/A       100%        7


Dungeon Overview and Level Annotations

Branches:
Dungeon (8/15)             Temple (1/1) D:7
   Lair: D:8-11

Altars:
Ashenzari
Cheibriados
Hepliaklqana
Kikubaaqudgha
Qazlal
Sif Muna
Trog
Uskayaw
Vehumet
Wu Jian
Xom
Yredelemnul

Shops:
D:1 [   D:5 ?   D:7 *

Annotations:
D:1 2 transporters


Innate Abilities, Weirdness & Mutations

You have a pair of small horns on your head.
A weak demonic guardian rushes to your aid.
You sometimes gain a little power by taking damage.
You have an extremely huge brain. (Int +4)


Message History

You headbutt the water moccasin, but do no damage.
The water moccasin is almost dead.
You hit the yak. You freeze the yak.
You feel sick.
The water moccasin bites you but does no damage. x2
The yak gores you but does no damage.
You completely miss the water moccasin.
The water moccasin is almost dead.
You hit the yak but do no damage.
You feel sick. The water moccasin closely misses you.
The water moccasin bites you.
You are more poisoned.
The water moccasin poisons you! The water moccasin closely misses you.
You hit the water moccasin but do no damage.
The water moccasin is almost dead.
You hit the yak. You burn the yak.
You feel very sick. The water moccasin bites you.
You are more poisoned.
The water moccasin poisons you!
The yak rages.
The water moccasin bites you but does no damage.
You barely miss the water moccasin.
Your headbutt misses the water moccasin.
The water moccasin is almost dead.
You completely miss the yak.
You feel very sick.
The yak seems less confused.
The water moccasin bites you but does no damage.
The yak gores you!
* * * LOW HITPOINT WARNING * * *
A demonic guardian appears!
The water moccasin barely misses you. The yak gores you.
* * * LOW HITPOINT WARNING * * *
You closely miss the water moccasin.
The water moccasin is almost dead.
You slash the yak! Lightning courses through the yak!
You kill the yak!
* * * LOW HITPOINT WARNING * * *
You feel very sick. The water moccasin bites you!
You die...

†........................
#####.......†............
#....................
#....................
#.....###........PP..
#.....# #......PP..P.
#.....# #.........P..
#.....# #........P..
#.....# #...@†..P.P.
####### #...S5...PP.
#.[......... #.....P...PP
#......P..PP #....P..P..P
#......PPP.. #.........P.


You could see a water moccasin (fast, ally target) and a friendly white imp
(summoned).

Vanquished Creatures
  Pikel (D:7)
  Maurice (D:8)
  Maggie (D:7)
  Prince Ribbit (D:5)
  Grinder (D:3)
  Sigmund (D:5)
  A wyvern (D:7)
  3 yaks (D:8)
  The ghost of growler the Ruffian, an amateur DrTm (D:3)
  Menkaure (D:4)
  4 water moccasins
  An orc warrior (D:7)
  A sky beast (D:7)
  A centaur (D:6)
  5 ogres
  A phantom (D:5)
  3 lemures (D:7)
  2 bullfrogs (D:8)
  5 scorpions
  7 wights (D:7)
  8 killer bees (D:8)
  2 howler monkeys (D:7)
  A hound (D:4)
  2 jellies
  2 orc priests
  A sleepcap (D:6)
  2 iguanas
  2 orc wizards
  3 gnolls (D:2)
  10 adders
  2 white imps
  An ufetubus (D:4)
  5 worms
  2 dart slugs
  17 orcs
  4 ball pythons
  5 bats
  5 endoplasms
  3 giant cockroaches
  6 hobgoblins
  5 kobolds
  3 quokkas
  4 frilled lizards
  8 goblins
  8 rats
153 creatures vanquished.

Vanquished Creatures (others)
  A sky beast (D:7)
1 creature vanquished.

Grand Total: 154 creatures vanquished

Notes
Turn   | Place    | Note
-------+----------+-------------------------------------------
     0 | D:1      | Sabo the Demonspawn Gladiator began the quest for the Orb.
     0 | D:1      | Reached XP level 1. HP: 16/16 MP: 1/1
    44 | D:1      | Found Vidogh's Antique Armour Shoppe.
   352 | D:1      | Gained mutation: You have an unusually large brain. (Int
                  | +2) [demonic ancestry]
   352 | D:1      | Reached XP level 2. HP: 22/22 MP: 2/2
   720 | D:2      | Reached skill level 3 in Axes
   740 | D:2      | Reached XP level 3. HP: 22/27 MP: 3/3
   816 | D:2      | Reached skill level 1 in Armour
  1013 | D:2      | Gained mutation: You have an extremely huge brain. (Int +4)
                  | [demonic ancestry]
  1013 | D:2      | Reached XP level 4. HP: 24/33 MP: 4/4
  1052 | D:2      | Identified the +0 ring mail of Precision Catastrophes
                  | {-Cast Harm rN+ Str+4}
  1346 | D:2      | Found a faded altar of an unknown god.
  1741 | D:2      | Identified a scroll of acquirement
  1741 | D:2      | Acquired 932 gold pieces
  1968 | D:1      | Bought a shiny plate armour for 546 gold pieces
  1968 | D:1      | Bought a glimmering ring mail for 189 gold pieces
  1968 | D:1      | Identified the +1 ring mail "Pemutizo" {rElec rF- Will++
                  | rCorr} (You bought it in a shop on level 1 of the Dungeon)
  2900 | D:3      | Found a transporter.
  2936 | D:3      | Noticed Grinder
  2947 | D:3      | Paralysed by Grinder for 2 turns
  2950 | D:3      | Killed Grinder
  2951 | D:3      | Reached skill level 4 in Axes
  2951 | D:3      | Reached XP level 5. HP: 14/40 MP: 5/5
  2951 | D:3      | Gained mutation: You have a pair of small horns on your
                  | head. [demonic ancestry]
  2951 | D:3      | Reached XP level 6. HP: 16/46 MP: 6/6
  3144 | D:3      | Found a transporter.
  3145 | D:3      | Noticed growler's ghost (amateur DrTm)
  3449 | D:4      | Reached skill level 5 in Axes
  3704 | D:4      | Gained mutation: You sometimes gain a little power by
                  | taking damage. [demonic ancestry]
  3704 | D:4      | Reached XP level 7. HP: 47/52 MP: 7/7
  4104 | D:4      | Noticed Menkaure
  4115 | D:4      | Killed Menkaure
  4522 | D:5      | Entered Level 5 of the Dungeon
  4652 | D:5      | Reached skill level 6 in Axes
  4699 | D:5      | Noticed Sigmund
  4711 | D:5      | Killed Sigmund
  4712 | D:5      | Reached XP level 8. HP: 17/60 MP: 8/8
  4863 | D:5      | Found Ivve's Magic Scroll Shoppe.
  4891 | D:5      | Reached skill level 1 in Stealth
  4980 | D:5      | Bought a scroll of brand weapon for 114 gold pieces
  4980 | D:5      | Bought a scroll of magic mapping for 90 gold pieces
  4980 | D:5      | Bought a scroll of identify for 24 gold pieces
  4980 | D:5      | Bought a scroll of enchant armour for 90 gold pieces
  5267 | D:5      | Noticed Prince Ribbit
  5290 | D:5      | Killed Prince Ribbit
  5291 | D:5      | Reached skill level 7 in Axes
  5635 | D:3      | Killed growler's ghost
  5636 | D:3      | Reached skill level 8 in Axes
  5636 | D:3      | Reached skill level 5 in Armour
  5961 | D:6      | Gained mutation: A weak demonic guardian rushes to your
                  | aid. [demonic ancestry]
  5961 | D:6      | Reached XP level 9. HP: 64/67 MP: 9/9
  6133 | D:6      | Found an ornate altar of the Wu Jian Council.
  6382 | D:7      | Reached skill level 5 in Fighting
  6419 | D:7      | Found a staircase to the Ecumenical Temple.
  6435 | D:7      | Noticed Maggie
  6448 | D:7      | Killed Maggie
  6459 | D:7      | Noticed Pikel
  6482 | D:7      | Killed Pikel
  6483 | D:7      | Reached skill level 9 in Axes
  6531 | Temple   | Entered the Ecumenical Temple
  6800 | Temple   | Became a worshipper of Ashenzari the Shackled
  7124 | D:7      | Found Xunen's Overcharged Wands.
  7483 | D:7      | Reached XP level 10. HP: 49/75 MP: 10/10
  7527 | D:8      | Noticed Maurice
  7544 | D:8      | Killed Maurice
  7775 | D:8      | Reached skill level 10 in Axes
  7786 | D:8      | Slain by a water moccasin

Illustrated notes

Levels and vault maps discovered:
D:1:      spicycebolla_arrival_transporter_tutorial, layout_basic, serial_shops,
          nicolae_shop_behind_doors
D:2:      layout_loops_ring, ebering_ecumenical_altar_hall,
          dreamdust_wishing_well
D:3:      layout_loops_corners, gammafunk_ghost_smash,
          chequers_serial_rivers_micro_d, uniq_grinder
D:4:      layout_basic, uniq_menkaure
D:5:      layout_rooms, serial_shops,
          nicolae_shop_temple_entry_statues_fountains, uniq_prince_ribbit1,
          uniq_sigmund
D:6:      layout_rooms, tso_metal_star, old_standard_altar
D:7:      layout_rooms, minmay_temple_entry_grid,
          chequers_serial_rivers_small_3, nicolae_shop_overcharged_wands,
          uniq_maggie, uniq_pikel
D:8:      layout_basic, due_lair_maze_entry_diamond, uniq_maurice
Temple:   oiseaux_autumnal_temple

Skill      XL: |  1  2  3  4  5  6  7  8  9 10 |
---------------+-------------------------------+-----
Dodging        | 3 4 |  4.0
Throwing       | 2 |  2.0
Axes           | 3 4 5 6 8 9 10 | 10.1
Armour         | 1 2 3 4 5 6 7 |  7.0
Fighting       | 3 4 6 |  6.6
Stealth        | 2 3 |  3.4

Action                     |  1- 3 |  4- 6 |  7- 9 | 10-12 || total
---------------------------+-------+-------+-------+-------++-------
  Melee: War axe           |   136 |   133 |   243 |    74 ||   586
         Headbutt          |       |    12 |    44 |    16 ||    72
         Punch             |       |     1 |     3 |       ||     4
 Invoke: Curse Item        |       |       |       |     1 ||     1
    Use: Scroll            |       |     6 |    13 |       ||    19
         Potion            |       |       |     2 |       ||     2
   Stab: Paralysed         |       |       |     3 |       ||     3
         Confused          |       |       |     3 |       ||     3
 Armour: Leather armour    |    51 |       |       |       ||    51
         Plate armour      |       |    72 |   178 |    88 ||   338
         Ring mail         |       |    14 |       |       ||    14
  Dodge: Dodged            |   120 |    45 |    80 |    42 ||   287
